AoeStats
← PATO BULLRICH

Nomad

508356116Analyzed
4v4 RM · 10d ago on Sep 22, 2026· 40m 59s· 8 players
Game mode
Random Map
Map size
231×231
Population
200
Speed
Normal
Resources
Standard
Victory
Conquest
Starting age
Dark Age
Ending age
Imperial Age
RankedLock teamsTeams togetherTeam positionsShared explorationLock speedFull tech treeHidden civsTurbo modeCheats
Victory
Defeat
🇦🇷 Japanese · Argentina
1284
+13
🇹🇼 Inca · Taiwan
1192
+16
🇹🇼 Portuguese · Taiwan
1142
+18
🇹🇼 Japanese · Taiwan
1102
+21
🇨🇴 Saracens · Colombia
1242
-19
🇦🇷 Persians · Argentina
1191
-17
🇦🇷 Huns · Argentina
1180
-16
🇨🇱 Dravidians · Chile
1178
-16
Cabeza
3:11 Loom
fat_dgk
9:25 Loom
PATO BULLRICH
5:58 Loom
14:47 Feudal Age
18:37 Castle Age
23:06 Fletching
24:30 Stone Mining
25:07 Bodkin Arrow
25:16 Gold Mining
29:11 Murder Holes
29:39 Ballistics
30:13 Wheelbarrow
29:44 Padded Archer Armor
𒉭BEHELIT𒉭
6:01 Loom
Liam
5:10 Loom
14:21 Feudal Age
17:07 Town Watch
20:26 Castle Age
18:22 Double-Bit Axe
18:17 Horse Collar
20:08 Champi Runner
20:52 Scale Mail Armor
21:03 Forging
21:12 Pikeman
22:28 Bow Saw
30:12 Wheelbarrow
29:59 Champi Warrior
37:43 Imperial Age
36:52 Wheelbarrow
36:30 Squires
37:40 Heavy Plow
39:05 Spies/Treason
40:05 Arson
39:41 Elite Champi Warrior
40:47 Town Patrol
40:37 Fishing Lines
40:43 Capped Ram
ValkriaN
4:14 Loom
13:46 Feudal Age
14:43 Man-at-Arms
15:31 Fishing Lines
15:53 Double-Bit Axe
19:29 Wheelbarrow
21:32 Castle Age
20:00 Bloodlines
19:56 Scale Barding Armor
20:02 Forging
20:07 Gold Mining
22:34 Husbandry
22:57 Chain Barding Armor
23:13 Iron Casting
24:32 Gold Shaft Mining
24:48 Gillnets
31:34 Imperial Age
30:35 Hand Cart
32:44 Bow Saw
34:29 Light Cavalry
36:02 Spies/Treason
38:39 Conscription
AAOA
5:50 Loom
14:38 Feudal Age
15:35 Double-Bit Axe
15:40 Town Watch
16:24 Fishing Lines
19:32 Castle Age
18:25 Town Watch
19:20 Wheelbarrow
20:35 Bow Saw
21:50 Bloodlines
21:41 Husbandry
21:39 Gillnets
24:33 Horse Collar
25:02 Gold Mining
27:19 Medium Warships
27:06 Fletching
28:38 Stone Mining
31:57 Imperial Age
30:41 Bodkin Arrow
31:06 Clinker Construction
31:09 Careening
31:42 Fervor
32:33 Sanctity
33:58 Chemistry
33:41 Hand Cart
33:49 Ballistics
33:40 Masonry
33:11 Treadmill Crane
33:30 Murder Holes
33:59 Town Patrol
34:27 Bracer
34:42 Treadmill Crane
35:25 Dry Dock
35:27 Carvel Hull
35:51 Heavy Warships
37:52 Light Cavalry
38:55 Heavy Plow
40:03 Two-Man Saw
40:29 Masonry
40:16 Murder Holes
40:27 Siege Engineers
40:13 Guard Tower
40:34 Fortified Wall
40:46 Bombard Tower
39:50 Capped Ram
39:51 Onager
40:33 Padded Archer Armor
40:46 Forging
40:36 Scale Mail Armor
40:41 Scale Barding Armor
40:06 Cavalier
41:10 Conscription
40:52 Arquebus
40:16 Spies/Treason
一杯冰美式
5:42 Loom
16:24 Feudal Age
17:51 Town Watch
22:32 Castle Age
21:41 Scale Barding Armor
21:47 Forging
22:42 Bloodlines
22:28 Fishing Lines
23:17 Husbandry
23:14 Gold Mining
23:14 Double-Bit Axe
24:31 Wheelbarrow
24:45 Chain Barding Armor
25:59 Iron Casting
26:52 Gillnets
37:02 Imperial Age
34:50 Demolition Ship
35:42 Medium Warships
40:58 Stone Mining
Connection lost

Rejoining the realm…

Still unreachable

The connection could not be restored.

Session expired

The server has moved on; the page needs a fresh start.